 Dungeon Sprint DCSS version 0.28-a0-97-g102d6777a4 (webtiles) character file.

Game seed: 17076562383031199146

4391 MikeHunt the Severer (level 10, -13/91 HPs)
             Began as a Minotaur Fighter on Aug 9, 2021.
             Was a High Priest of Okawaru.
             Mangled by Agnes (32 damage)
             ... in the Dungeon (Sprint IV: "Fedhas' Mad Dash").
             The game lasted 00:09:57 (3731 turns).

MikeHunt the Severer (Minotaur Fighter)             Turns: 3731, Time: 00:09:57

Health: -13/91     AC: 11    Str: 27    XL:     10   Next: 13%
Magic:  6/9        EV: 16    Int:  5    God:    Okawaru [*****.]
Gold:   129        SH: 16    Dex: 13    Spells: 9/9 levels left

rFire   . . .      SeeInvis .   a - +0 war axe
rCold   . . .      Faith    .   c - +0 kite shield
rNeg    . . .      Spirit   .   b - +0 scale mail
rPois   +          Reflect  .   (helmet restricted)
rElec   .          Harm     .   e - +0 cloak
rCorr   .          Rampage  .   (no gloves)
Will    .....      NoTele   +   (no boots)
Stlth   +.........              i - amulet of invisibility {+Inv}
HPRegen 0.25/turn               n - ring of poison resistance
MPRegen 0.11/turn               p - +6 ring of strength

@: mighty, heroic, very slightly contaminated, hasted, very quick
A: horns 2, retaliatory headbutt
a: Renounce Religion, Evoke Invisibility, Heroism, Finesse


You were in the Dungeon.
You worshipped Okawaru.
Okawaru was extremely pleased with you.
You visited 1 branch You collected 174 gold pieces.
You spent 45 gold pieces at shops.

Inventory:

Hand Weapons
 a - a +0 war axe (weapon)
Missiles
 m - 17 poisoned darts (quivered)
 o - 2 silver javelins {god gift}
Armour
 b - a +0 scale mail (worn)
 c - a +0 kite shield (worn)
 e - a +0 cloak (worn)
Jewellery
 i - the amulet of invisibility (around neck) {+Inv}
   (You found it in the Dungeon)

   [amulet of nothing]

   +Inv:      It lets you turn invisible.
 n - a ring of poison resistance (left hand)
 p - a +6 ring of strength (right hand)
Wands
 f - a wand of flame (17)
 l - a wand of polymorph (8)
Scrolls
 j - a scroll of blinking
 k - 2 scrolls of identify
Potions
 h - 2 potions of magic


   Skills:
 + Level 9.4(14.4) Fighting
 - Level 16.0(21.0) Axes
 + Level 3.3(8.3) Throwing
 + Level 10.1(15.1) Armour
 + Level 7.8(12.8) Dodging
 - Level 15.0(20.0) Shields
 - Level 5.9 Evocations


You had 9 spell levels left.
You didn't know any spells.
Your spell library contained the following spells:

 Spells                   Type           Power      Damage    Failure   Level
 Magic Dart               Conj           0%         1d3       67%         1
 Call Imp                 Summ           0%         N/A       80%         2
 Mephitic Cloud           Conj/Pois/Air  0%         N/A       95%         3


Dungeon Overview and Level Annotations

Branches:
Dungeon (1/1)

Altars:
Cheibriados
Dithmenos
Elyvilon
Gozag
Hepliaklqana
Kikubaaqudgha
Makhleb
Nemelex Xobeh
Okawaru
Qazlal
Ru
Sif Muna
Trog
Uskayaw
Vehumet
Wu Jian
Xom
Yredelemnul
Zin
The Shining One
Beogh
Jiyva
Lugonu

Shops:
D :(([

Annotations:
D Agnes


Innate Abilities, Weirdness & Mutations

You have a pair of horns on your head.
You reflexively headbutt those who attack you in melee.


Message History

The spriggan berserker hits you with a +0 quarterstaff.
You slash the spriggan berserker! You headbutt the spriggan berserker!
The spriggan berserker is heavily wounded.
You block the spriggan berserker's attack.
You slash the spriggan berserker!
Your headbutt misses the spriggan berserker.
The spriggan berserker is severely wounded.
You block the spriggan berserker's attack.
The spriggan berserker hits you with a +0 quarterstaff.
You feel yourself speed up.
You block the spriggan berserker's attack.
You slash the spriggan berserker! You headbutt the spriggan berserker!
The spriggan berserker is almost dead.
The spriggan berserker hits you with a +0 quarterstaff!!
* * * LOW HITPOINT WARNING * * *
Okay, then.
You slice the spriggan berserker!!
You kill the spriggan berserker!
Okawaru is honoured by your kill.
You can now speed up your combat.
Okawaru will now gift you equipment as you gain piety.
Your base Fighting skill increases to level 9!
Your base Throwing skill gained 2 levels and is now at level 3!
Your base Armour skill increases to level 10!
You have reached level 10!
You slice Agnes!! You headbutt Agnes!
Agnes is moderately wounded.
You block Agnes's attack.
Unknown command.
You miss Agnes.
Agnes is moderately wounded.
You block Agnes's attack.
You slice Agnes!! You headbutt Agnes!
Agnes is severely wounded.
You barely miss Agnes. You headbutt Agnes.
Agnes is severely wounded.
You block Agnes's attack.
You hit Agnes.
Agnes is almost dead.
Agnes hits you with a +2 lajatang of venom!!
You die...

.#((.'.._._._._._..'..#...#....'.
.#...#..._._._._...#..###'##.((##
###'##.._._._._._..#.(##∩∩.'...##
.'...#._._._._._.⌠.#############
.#...##################
######♣♣♣♣♣..♣.###.i.?+
##†.'......♣..♣##..#..#
†..)#♣..♣♣♣.♣..###.##'#
....#.♣♣..♣...♣'@ii# i♣ ######
############# . .♣ . ..


You could see Agnes and a spriggan rider.

Vanquished Creatures
  A spriggan berserker (D)
  A spriggan druid (D)
  2 oklob plants (D)
  2 queen bees (D)
  3 burning bushes (D)
  2 hornets (D)
  4 wandering mushrooms (D)
  2 scorpions (D)
  4 killer bees (D)
  5 oklob saplings (D)
  An iguana (D)
  2 spriggans (D)
  A river rat (D)
  A rat (D)
  A ballistomycete spore (D)
32 creatures vanquished.

Vanquished Creatures (others)
  A ballistomycete spore (D)
  4 fungi (D)
5 creatures vanquished.

Grand Total: 37 creatures vanquished

Notes
Turn   | Place    | Note
-------+----------+-------------------------------------------
     0 | D        | MikeHunt the Minotaur Fighter began the quest for the Orb.
     0 | D        | Reached XP level 1. HP: 19/19 MP: 0/0
    12 | D        | Reached skill level 4 in Axes
    12 | D        | Reached skill level 5 in Armour
    12 | D        | Reached XP level 2. HP: 12/26 MP: 1/1
   188 | D        | Noticed an oklob sapling
   426 | D        | Killed an oklob sapling
   427 | D        | Reached skill level 5 in Axes
   427 | D        | Reached XP level 3. HP: 25/34 MP: 2/2
   428 | D        | Noticed a scorpion
   429 | D        | Found the amulet of invisibility {+Inv}
   432 | D        | Killed a scorpion
   433 | D        | Reached skill level 5 in Fighting
   433 | D        | Reached skill level 6 in Axes
   433 | D        | Reached XP level 4. HP: 22/44 MP: 3/3
   686 | D        | Found an opulent altar of Gozag.
   686 | D        | Found a hazy altar of Hepliaklqana.
   686 | D        | Found a burning altar of Makhleb.
   686 | D        | Found a sparkling altar of Nemelex Xobeh.
   686 | D        | Found a sacrificial altar of Ru.
   686 | D        | Found a shimmering blue altar of Sif Muna.
   686 | D        | Found an ornate altar of the Wu Jian Council.
   686 | D        | Found a shimmering altar of Xom.
   686 | D        | Found a basalt altar of Yredelemnul.
   694 | D        | Found a snail-covered altar of Cheibriados.
   695 | D        | Found a viscous altar of Jiyva.
   695 | D        | Found a bloodstained altar of Trog.
   696 | D        | Found an iron altar of Okawaru.
   696 | D        | Found a glowing silver altar of Zin.
   696 | D        | Found a shadowy altar of Dithmenos.
   697 | D        | Found a hide-covered altar of Uskayaw.
   697 | D        | Found an ancient bone altar of Kikubaaqudgha.
   698 | D        | Found a stormy altar of Qazlal.
   698 | D        | Found a glowing golden altar of the Shining One.
   698 | D        | Found a white marble altar of Elyvilon.
   699 | D        | Found a radiant altar of Vehumet.
   699 | D        | Found a corrupted altar of Lugonu.
   704 | D        | Became a worshipper of Warmaster Okawaru
   708 | D        | Reached skill level 7 in Axes
   708 | D        | Reached XP level 5. HP: 26/51 MP: 2/4
   871 | D        | Reached skill level 1 in Evocations
   882 | D        | Reached XP level 6. HP: 30/58 MP: 5/5
  1030 | D        | Found Utty's Antique Weapon Shop.
  1030 | D        | Found Soach's Book Emporium.
  1038 | D        | Noticed a burning bush
  1038 | D        | Noticed a wandering mushroom
  1338 | D        | Killed a wandering mushroom
  1338 | D        | Reached * piety under Okawaru
  1339 | D        | Reached skill level 10 in Shields
  1339 | D        | Reached skill level 5 in Evocations
  1343 | D        | Noticed a wandering mushroom
  1579 | D        | Killed a wandering mushroom
  1580 | D        | Reached skill level 8 in Axes
  1580 | D        | Reached XP level 7. HP: 55/64 MP: 4/6
  1880 | D        | Killed a burning bush
  1880 | D        | Reached ** piety under Okawaru
  1881 | D        | Reached skill level 10 in Axes
  2003 | D        | Found Agymaruu's Armour Emporium.
  2003 | D        | Found Raqievig's Antique Weapon Shoppe.
  2008 | D        | Identified the +8 glaive "Qofomato" {vorpal, SInv}
  2012 | D        | Bought a +0 cloak for 45 gold pieces
  2178 | D        | Noticed a queen bee
  2199 | D        | Killed a queen bee
  2200 | D        | Reached skill level 11 in Axes
  2200 | D        | Reached XP level 8. HP: 21/71 MP: 4/7
  2443 | D        | Noticed an oklob plant
  2811 | D        | Noticed a burning bush
  2822 | D        | Killed a burning bush
  2822 | D        | Reached *** piety under Okawaru
  2823 | D        | Reached skill level 12 in Axes
  2831 | D        | Noticed a burning bush
  2831 | D        | Noticed an oklob plant
  2837 | D        | Noticed a wandering mushroom
  3090 | D        | Noticed a wandering mushroom
  3090 | D        | an oklob plant changed into a wandering mushroom
  3101 | D        | Killed a wandering mushroom
  3223 | D        | Killed a burning bush
  3224 | D        | Reached skill level 13 in Axes
  3228 | D        | Killed a wandering mushroom
  3229 | D        | Reached skill level 15 in Shields
  3229 | D        | Reached XP level 9. HP: 73/78 MP: 3/8
  3249 | D        | Killed an oklob plant
  3250 | D        | Reached skill level 15 in Axes
  3489 | D        | Noticed a spriggan druid
  3491 | D        | Noticed a queen bee
  3507 | D        | Killed a spriggan druid
  3507 | D        | Reached **** piety under Okawaru
  3507 | D        | Received a gift from Okawaru
  3508 | D        | Reached skill level 16 in Axes
  3508 | D        | Reached skill level 5 in Dodging
  3512 | D        | Killed a queen bee
  3697 | D        | Noticed an oklob plant conjurer
  3701 | D        | Killed an oklob plant conjurer
  3702 | D        | Reached skill level 1 in Throwing
  3713 | D        | Noticed Agnes
  3714 | D        | Noticed a spriggan berserker
  3720 | D        | Noticed a spriggan rider
  3726 | D        | Killed a spriggan berserker
  3726 | D        | Reached ***** piety under Okawaru
  3727 | D        | Reached skill level 10 in Armour
  3727 | D        | Reached XP level 10. HP: 19/91 MP: 6/9
  3731 | D        | Mangled by Agnes

Illustrated notes

Levels and vault maps discovered:
D:        dungeon_sprint_fedhas [sprint_temple]

Skill      XL: |  1  2  3  4  5  6  7  8  9 |
---------------+----------------------------+-----
Axes           | 4 5 6 7 8 11 13 16 | 16.0
Armour         | 5 6 7 10 | 10.1
Fighting       | 4 5 6 9 |  9.4
Dodging        | 2 3 4 7 |  7.8
Shields        | 8 10 13 15 | 15.0
Evocations     | 3 5 |  5.9
Throwing       | 3 |  3.3

Action                   |  1- 3 |  4- 6 |  7- 9 | 10-12 || total
-------------------------+-------+-------+-------+-------++-------
Melee: War axe           |    10 |    33 |   124 |     5 ||   172
       Headbutt          |     1 |     4 |    32 |     3 ||    40
Invok: Heroism           |       |       |     5 |       ||     5
 Abil: Evoke Invisibilit |       |     4 |     8 |       ||    12
Evoke: Wand              |       |       |     4 |       ||     4
  Use: Potion            |     1 |     1 |     3 |       ||     5
       Scroll            |       |       |     1 |       ||     1
 Stab: Invisible         |       |     4 |    15 |       ||    19
Armor: Scale mail        |     1 |     9 |    11 |       ||    21
Dodge: Dodged            |     2 |     9 |    48 |       ||    59
Block: Kite shield       |     2 |    10 |    58 |     3 ||    73

Table legend: (Time is in decaauts)
 A = Elapsed time spent in this place.
 B = Non-inter-level travel time spent in this place.
 C = Inter-level travel time spent in this place.
 D = Time resting spent in this place.
 E = Time spent auto-exploring this place.
 F = Levels seen in this place.
 G = Mean time per level.
                   A        B        C        D        E       F      G
               +--------+--------+--------+--------+--------+-----+--------+
         Total |   3730 |   3730 |      0 |   3133 |      0 |   1 | 3730.0 |
       Dungeon |   3730 |   3730 |      0 |   3133 |      0 |   1 | 3730.0 |
               +--------+--------+--------+--------+--------+-----+--------+

Top non-repeatable levels by time:
       D: 3730 daAuts
